 Dungeon Crawl Stone Soup version 0.30-a0-571-gdf30a72648 (webtiles) character file.

Game seed: 18004967834848310899

798 cforsyth the Conjurer (level 7, -2/50 HPs)
             Began as a White Draconian Conjurer on Dec 30, 2022.
             Slain by Pikel
             ... wielding a +2 whip of freezing
              (6 damage)
             ... on level 5 of the Dungeon.
             The game lasted 00:11:21 (9008 turns).

cforsyth the Conjurer (White Draconian Conjurer)    Turns: 9008, Time: 00:11:22

Health: -2/50      AC:  6    Str:  9    XL:     7   Next: 58%
Magic:  1/15       EV: 12    Int: 21    God:
Gold:   249        SH:  0    Dex:  9    Spells: 12/17 levels left

rFire   . . .      SeeInvis .    (no weapon)
rCold   + . .      Faith    .    (no shield)
rNeg    . . .      Spirit   .    (body armour unavailable)
rPois   .          Reflect  .    (helmet restricted)
rElec   .          Harm     .    (no cloak)
rCorr   .          Rampage  .    (no gloves)
Will    .....                    (no boots)
Stlth   ++                       (no amulet)
HPRegen 0.28/turn                (no ring)
MPRegen 0.14/turn                (no ring)

@: short of breath
A: breathe frost, AC +6, unfitting armour, cold resistance 1, cold-blooded
a: Breathe Frost


You were on level 5 of the Dungeon.
You visited 1 branch of the dungeon, and saw 5 of its levels.

You collected 249 gold pieces.

Inventory:

Jewellery
 c - a ring of protection from cold
 f - a ring of flight
 i - a ring of resist corrosion
 m - an amulet of magic regeneration
Scrolls
 g - a scroll of teleportation
 h - a scroll of amnesia
 k - a scroll of identify
 l - a scroll of enchant weapon
 n - a scroll of fog
 p - a scroll of vulnerability
Potions
 a - a potion of magic
 b - a potion of haste
 d - 2 potions of curing
 e - a potion of brilliance
 j - 2 potions of mutation
 o - a potion of flight {unknown}
 q - a potion of lignification {unknown}


   Skills:
 - Level 2.0 Dodging
 - Level 2.0 Stealth
 + Level 5.5 Spellcasting
 + Level 7.0 Conjurations
 + Level 1.8 Hexes


You had 12 spell levels left.
You knew the following spells:

 Your Spells              Type           Power      Damage    Failure   Level
a - Magic Dart            Conj           100%       1d8       1%          1
b - Fulminant Prism       Conj/Hex       12%        3d9       17%         4

Your spell library contained the following spells:

 Spells                   Type           Power      Damage    Failure   Level
 Searing Ray              Conj           70%        2d7       1%          2
 Dazzling Flash           Conj/Hex       48%        N/A       4%          3
 Freeze                   Ice            20%        1d4       11%         1
 Sting                    Tmut/Pois      20%        1d4       11%         1
 Summon Small Mammal      Summ           20%        N/A       11%         1
 Ensorcelled Hibernation  Hex/Ice        18%        N/A       11%         2
 Passwall                 Tmut/Erth      4%         N/A       16%         2
 Iskenderun's Mystic Bla  Conj/Tloc      20%        2d6       24%         4
 Swiftness                Air            5%         N/A       30%         3
 Lightning Bolt           Conj/Air       10%        1d23      56%         5
 Airstrike                Air            2%         2d(1-17)  71%         4
 Summon Lightning Spire   Summ/Air       5%         N/A       71%         4


Dungeon Overview and Level Annotations

Branches:
Dungeon (5/15)
 Temple: D:4-7

Altars:
Gozag
Nemelex Xobeh
Qazlal
Uskayaw
Wu Jian
Yredelemnul
Zin
The Shining One

Annotations:
D:5 Eustachio, Pikel


Innate Abilities, Weirdness & Mutations

You can breathe waves of freezing cold which knock back foes.
Your icy white scales are hard. (AC +6)
You cannot fit into any form of body armour.
Your flesh is cold resistant. (rC+)
You are cold-blooded and may be slowed by cold attacks.


Message History

You conjure a prism of explosive energy!
A fulminant prism comes into view.
Pikel misses you.
Pikel hits you with a +2 whip of freezing.
Pikel freezes you.
Your fulminant prism crackles loudly.
Pikel misses you.
Your fulminant prism explodes!
The blast of energy engulfs Pikel!!
Pikel is almost dead.
Casting: Fulminant Prism (quite dangerous; 17% risk of failure)
Confirm with . or Enter, or press ? or * to list all spells.
The spell is quite dangerous to miscast (17% risk of failure)!
Continue anyway?
Aiming: Fulminant Prism (quite dangerous; 17% risk of failure)
Press: ? - help, Dir - move target You conjure a prism of explosive energy!
A fulminant prism comes into view.
Pikel hits you with a +2 whip of freezing!
Pikel freezes you.
Pikel hits you with a +2 whip of freezing!
* * * LOW HITPOINT WARNING * * *
Pikel freezes you.
* * * LOW HITPOINT WARNING * * *
Your fulminant prism crackles loudly.
Pikel hits you with a +2 whip of freezing.
* * * LOW HITPOINT WARNING * * *
Pikel freezes you.
* * * LOW HITPOINT WARNING * * *
Your fulminant prism explodes!
The blast of energy engulfs Pikel.
Pikel is almost dead.
Unknown command.
Casting: Fulminant Prism (quite dangerous; 17% risk of failure)
Confirm with . or Enter, or press ? or * to list all spells.
Aiming: Magic Dart (safe; 1% risk of failure)
Press: ? - help, Shift-Dir - straight line The magic dart hits Pikel but does no damage.
Pikel is almost dead.
Pikel hits you with a +2 whip of freezing.
You die...

.....#.##.............##.#.#
####.#.##.#.###)##.##.##.#.#
..........#.# #.##.##.##.#.#
.......####.# #[##.##.#....#
####.### #.# #.##..#......#
#.# #.# #.##.#..#....#
#.######.# #............###
#...(....####.#...........####
######.#.....@K..#............
##.#######.#..##.##..#### #.#
#..#.##.##...... #.#
#.##.##.##.####. #.#
#.##.##.#..# #. #.#
#>##....#.## #. #.#
#.##.####<# #. ##### #.##
#.##.####.#####. >...# #..#
#...............


You could see Pikel.

Vanquished Creatures
  Sigmund (D:4)
  Duvessa (D:5)
  4 lemures (D:4)
  A necrophage (D:5)
  2 scorpions
  Dowan (D:5)
  A howler monkey (D:3)
  A hound (D:5)
  An iguana (D:5)
  An orc wizard (D:2)
  3 gnolls (D:5)
  3 adders
  An ufetubus (D:4)
  2 dart slugs (D:1)
  17 orcs
  5 ball pythons
  8 bats
  9 endoplasms
  3 giant cockroaches
  8 goblins
  9 hobgoblins
  6 jackals
  7 kobolds
  4 quokkas
  5 frilled lizards
  5 rats
109 creatures vanquished.

Vanquished Creatures (others)
  7 fulminant prisms (D:5)
  A fungus (D:1)
8 creatures vanquished.

Grand Total: 117 creatures vanquished

Notes
Turn   | Place    | Note
-------+----------+-------------------------------------------
     0 | D:1      | cforsyth the Draconian Conjurer began the quest for the
                  | Orb.
     0 | D:1      | Reached XP level 1. HP: 14/14 MP: 3/3
   203 | D:1      | Reached XP level 2. HP: 20/20 MP: 3/5
   738 | D:1      | Reached XP level 3. HP: 26/26 MP: 3/6
   794 | D:1      | Found a faded altar of an unknown god.
  1810 | D:2      | Reached XP level 4. HP: 33/33 MP: 1/8
  2304 | D:2      | Found a sparkling altar of Nemelex Xobeh.
  2912 | D:3      | Found a hide-covered altar of Uskayaw.
  3303 | D:3      | Found an ornate altar of the Wu Jian Council.
  3387 | D:3      | Found a basalt altar of Yredelemnul.
  3406 | D:3      | Reached skill level 5 in Conjurations
  3924 | D:4      | Found a glowing silver altar of Zin.
  3924 | D:4      | Found a stormy altar of Qazlal.
  3924 | D:4      | Found a glowing golden altar of the Shining One.
  3928 | D:4      | Noticed a scorpion
  4388 | D:3      | Reached XP level 5. HP: 24/38 MP: 3/10
  5993 | D:4      | Noticed Sigmund
  6003 | D:4      | Killed Sigmund
  6004 | D:4      | Reached skill level 6 in Conjurations
  6004 | D:4      | Reached XP level 6. HP: 35/45 MP: 2/13
  6296 | D:4      | Found an opulent altar of Gozag.
  6719 | D:5      | Entered Level 5 of the Dungeon
  7033 | D:5      | Got Yfuuh's Introduction to the Occult
  7068 | D:5      | Noticed Pikel
  7150 | D:5      | Reached skill level 5 in Spellcasting
  7150 | D:5      | Your scales start taking on an icy white colour.
  7150 | D:5      | Reached XP level 7. HP: 40/50 MP: 6/14
  7150 | D:5      | Gained mutation: Your flesh is cold resistant. (rC+) [White
                  | Draconian growth]
  7211 | D:5      | Learned a level 4 spell: Fulminant Prism
  7447 | D:5      | Noticed Duvessa
  7448 | D:5      | Noticed Dowan
  7487 | D:5      | Killed Duvessa
  7488 | D:5      | Reached skill level 1 in Hexes
  7495 | D:5      | Killed Dowan
  8291 | D:5      | Reached skill level 7 in Conjurations
  8448 | D:5      | Noticed Eustachio
  9008 | D:5      | Slain by Pikel

Illustrated notes

Levels and vault maps discovered:
D:1:      lemuel_arrival_muddy, layout_basic,
          shapermc_ecumenical_altar_starsandcircs, minivault_19,
          grunt_decor_mini_mirrors, minmay_misc_feat_alley,
          wander_ebering_terrifying_dragon_lair
D:2:      layout_basic, basic_altar, st_stairs_9
D:3:      layout_loops_ring, mainiacjoe_overflow_big_doors,
          mainiacjoe_overflow_alcove_4
D:4:      layout_cave_pools, grunt_temple_overflow_open, serial_glass,
          glass_columns_a, glass_columns_c, uniq_sigmund
D:5:      layout_loops_ring, st_stairs_6, uniq_duvessa, uniq_pikel,
          uniq_eustachio

Skill      XL: |  1  2  3  4  5  6  7 |
---------------+----------------------+-----
Stealth        | 2 |  2.0
Dodging        | 2 |  2.0
Spellcasting   | 3 4 5 |  5.5
Conjurations   | 5 6 7 |  7.0
Hexes          | 1 |  1.8

Action                   |  1- 3 |  4- 6 |  7- 9 || total
-------------------------+-------+-------+-------++-------
Melee: Unarmed           |    31 |    31 |    17 ||    79
       Tailslap          |     1 |     3 |     1 ||     5
 Cast: Magic Dart        |    73 |   198 |    85 ||   356
       Fulminant Prism   |       |       |     7 ||     7
 Abil: Breathe Frost     |       |       |     7 ||     7
  Use: Scroll            |       |    11 |       ||    11
Armor: Skin              |    18 |    42 |    13 ||    73
Dodge: Dodged            |    34 |    75 |    38 ||   147

Table legend: (Time is in decaauts)
 A = Elapsed time spent in this place.
 B = Non-inter-level travel time spent in this place.
 C = Inter-level travel time spent in this place.
 D = Time resting spent in this place.
 E = Time spent auto-exploring this place.
 F = Levels seen in this place.
 G = Mean time per level.
                   A        B        C        D        E       F      G
               +--------+--------+--------+--------+--------+-----+--------+
         Total |   9031 |   8856 |    175 |   3215 |   4568 |   5 | 1806.2 |
       Dungeon |   9031 |   8856 |    175 |   3215 |   4568 |   5 | 1806.2 |
               +--------+--------+--------+--------+--------+-----+--------+

Top non-repeatable levels by time:
     D:3: 2836 daAuts
     D:4: 2021 daAuts
     D:2: 1739 daAuts
     D:1: 1276 daAuts
     D:5: 1157 daAuts
